[Event "2nd Bassano Easter 2022"]
[Site "Bassano del Grappa"]
[Date "2022.04.16"]
[Round "6.9"]
[White "Hess, Max"]
[Black "Spyratos, Nikolaos"]
[Result "1/2-1/2"]
[ECO "A21"]
[WhiteElo "2395"]
[BlackElo "2100"]
[Annotator "TA"]
[PlyCount "122"]
[EventDate "2022.04.14"]
[EventType "swiss"]
[EventCountry "ITA"]
[SourceTitle "playchess.com"]
[Source "ChessBase"]
[SourceQuality "1"]
[TimeControl "30/3600+30:1800+30"]

1. c4 e5 2. Nc3 Bb4 3. Nd5 a5 4. Nf3 d6 5. a3 Bc5 6. e3 {[%emt 0:00:18] A21: English Opening: 1...e5 2 Nc3.} c6 7. Nc3 Nd7 8. d4 Ba7 9. Be2 Ngf6 10. g4 {[%emt 0:00:39] [#]} h6 $146 ({Predecessor:} 10... O-O 11. g5 Ne8 12. Qc2 Nc7 13. h4 Qe7 14. Bd2 b5 15. dxe5 dxe5 16. Bd3 bxc4 17. Bxc4 {1-0 (30) Shevchenko,K (2647)-Alekseenko,K (2710) Terme Catez 2021}) 11. Rg1 Qe7 12. h4 Nf8 13. dxe5 dxe5 14. g5 hxg5 15. hxg5 N6d7 16. Ne4 Bb8 {[%emt 0:00:38] Prevents Nd6+.} 17. Bd2 Nc5 18. Nxc5 Qxc5 19. Qc2 {[%emt 0:00:12] Against Bf5} Be6 20. Bc3 Bc7 21. O-O-O Nd7 22. Nd2 O-O-O 23. Ne4 Qe7 24. g6 f6 25. Ng3 (25. b4 {is interesting.} Nb6 26. Rxd8+ Rxd8 27. Be1) 25... Rh2 26. Nf5 Qf8 27. Bg4 Kb8 (27... Bxc4 $2 28. Bxa5 $1 Bxa5 29. Nd6+ Kc7 30. Nxc4 $18) 28. Rh1 Qh8 29. Rxh2 Qh7 30. Rh6 Qxh6 31. f3 $2 (31. Nxh6 $18 Bxg4 32. Nxg4) 31... Qh8 (31... Qxg6 $17 {Strongly threatening ...Qg5.} 32. Nxg7 Qxg7 33. Bxe6 Nc5 34. Rxd8+ Bxd8) 32. Nd6 (32. Kb1 $11) 32... Qg8 (32... Nc5 $1 $17 {White must now prevent ...Bxg4.} 33. Bxe6 Nxe6) 33. Bxe6 $11 Qxe6 {[%emt 0:00:23] [#]} 34. Qf5 $1 Nf8 (34... Nc5 35. Qxe6) 35. Qxe6 Nxe6 36. Nf5 Rxd1+ 37. Kxd1 {[%emt 0:00:02][%mdl 4096] Endgame KBN-KBN} Kc8 38. Ke2 Kd7 39. Kd3 Nc5+ 40. Ke2 Ne6 41. b4 axb4 42. Bxb4 c5 43. Bd2 Bd6 44. Kd3 Bf8 45. f4 exf4 46. exf4 Kc6 47. a4 Kd7 $2 (47... Nc7 $11 {and Black stays safe.}) 48. Ke4 $18 Kc6 49. Ne3 $2 (49. Ba5 $1 $18) 49... Nc7 $1 $11 50. Bc3 Ne8 51. Nf5 Kd7 52. Ba5 Kc6 53. Bd8 Kd7 $2 {[%emt 0:00:05][%mdl 8192] [#]} (53... Bd6 $11) 54. Bb6 $2 (54. Kd5 $1 $18 {aiming for Ba5.} Bd6 55. Bb6) 54... Ke6 {[%emt 0:00:32] The position is equal.} 55. Ba7 Bd6 56. Bb6 Bf8 57. a5 Bd6 58. Bd8 Bf8 59. Bb6 $1 Bd6 60. Bd8 Bf8 61. Bb6 Bd6 {[%emt 0:05:16] Weighted Error Value: White=0.41/Black=0.30} 1/2-1/2

[Event "2nd Bassano Easter 2022"]
[Site "Bassano del Grappa"]
[Date "2022.04.16"]
[Round "6.10"]
[White "Nikolov, Momchil"]
[Black "Weber, Samuel"]
[Result "1/2-1/2"]
[ECO "E32"]
[WhiteElo "2501"]
[BlackElo "2250"]
[Annotator "TA"]
[PlyCount "68"]
[EventDate "2022.04.14"]
[EventType "swiss"]
[EventCountry "ITA"]
[SourceTitle "playchess.com"]
[Source "ChessBase"]
[SourceQuality "1"]
[TimeControl "30/3600+30:1800+30"]

1. d4 Nf6 2. c4 e6 3. Nc3 Bb4 4. Qc2 d6 5. Bd2 c5 6. a3 {[%emt 0:02:06] E32: Nimzo-Indian: Classical (4 Qc2): 4...0-0.} Bxc3 7. Bxc3 cxd4 8. Bxd4 {[%emt 0:00:08] [#]} Nc6 $146 ({Predecessor:} 8... e5 9. Bc3 Qc7 10. e3 O-O 11. Nf3 Na6 12. b4 Be6 13. Bb2 Rac8 14. Rc1 b5 {0-1 (39) Terrieux,K (2455)-Winants,L (2513) France 2009}) 9. Bc3 O-O 10. Nf3 e5 11. e3 Bg4 12. Bd3 Re8 {[%emt 0:07:18] [#] Hoping for ...e4.} 13. Ng5 {[%emt 0:03:54] Inhibits e4.} h6 14. Ne4 Rc8 15. O-O a6 16. h3 {[%emt 0:09:35] Threatens to win with Nxf6+.} Nxe4 17. hxg4 (17. Bxe4 $5 Be6 18. Qd3 $14) 17... Nxc3 18. Qxc3 e4 19. Be2 Qg5 (19... Ne5 {with more complications.} 20. Rad1 Qh4 21. Qd4 Nxg4 22. Qxd6 h5) 20. Rad1 (20. Qb3 $5 ) 20... Ne5 $1 21. Rxd6 h5 22. Rfd1 ({Much weaker is} 22. gxh5 Nf3+ 23. Bxf3 exf3 $17) 22... hxg4 23. R1d5 g3 24. Qe1 ({White should play} 24. c5 $1 $15) 24... Rc6 25. Qd2 $2 (25. c5 $17) 25... Rxd6 (25... gxf2+ $19 26. Kxf2 Re6 27. Rxe6 Rxe6) 26. Rxd6 $17 Qh4 (26... gxf2+ $17 27. Kxf2 Qh4+ 28. Kg1 Kh7) 27. fxg3 $11 Qxg3 {[%emt 0:00:02][%cal Oe5d3] aiming for ...Nd3!} 28. Rd8 {[%emt 0:00:55] Against Nd3} Rxd8 29. Qd4 Rd6 30. Qxd6 $19 Kh7 $2 (30... Nf3+ $19 31. Bxf3 Qxd6 32. Bxe4 Qe7) 31. Qd2 {[%emt 0:00:18] [#]} (31. Kf1 $11 {remains equal.}) 31... f5 (31... Nf3+ $1 $17 32. Bxf3 exf3) 32. c5 $11 {[%emt 0:09:25] The position is equal.} Nf7 33. Kf1 Nh6 34. Qd4 Qh2 {[%emt 0:01:48] Weighted Error Value: White=0.42/Black=0.50} 1/2-1/2

[Event "2nd Bassano Easter 2022"]
[Site "Bassano del Grappa"]
[Date "2022.04.17"]
[Round "7.1"]
[White "Basso, Pier Luigi"]
[Black "Bernadskiy, Vitaliy"]
[Result "1/2-1/2"]
[ECO "E11"]
[WhiteElo "2600"]
[BlackElo "2601"]
[Annotator "TA"]
[PlyCount "25"]
[EventDate "2022.04.14"]
[EventType "swiss"]
[EventCountry "ITA"]
[SourceTitle "playchess.com"]
[Source "ChessBase"]
[SourceQuality "1"]
[TimeControl "30/3600+30:1800+30"]

1. d4 Nf6 2. c4 e6 3. g3 d5 4. Nf3 Bb4+ 5. Bd2 Be7 6. Bg2 O-O 7. O-O Nbd7 8. Qc2 c6 9. Bf4 {[%emt 0:00:07] [#]} Nh5 $146 ({Predecessor:} 9... a5 10. Nbd2 Nh5 11. Be3 f5 12. Nb3 Nhf6 13. Nc1 Ne4 14. Nd3 Bf6 15. Rac1 Qe7 16. h4 a4 17. Bf4 h6 18. Nfe5 Kh7 19. f3 Nd6 {1-0 (46) Matlakov,M (2674)-Caruana,F (2792) Warsaw 2021}) 10. Bc1 Nhf6 11. Bf4 Nh5 12. Bc1 Nhf6 13. Bf4 {[%emt 1:05:08] 13.Re1 is the recent fashion.} 1/2-1/2

[Event "2nd Bassano Easter 2022"]
[Site "Bassano del Grappa"]
[Date "2022.04.17"]
[Round "7.2"]
[White "Postny, Evgeny"]
[Black "Heberla, Bartlomiej"]
[Result "1/2-1/2"]
[ECO "D36"]
[WhiteElo "2567"]
[BlackElo "2570"]
[Annotator "TA"]
[PlyCount "84"]
[EventDate "2022.04.14"]
[EventType "swiss"]
[EventCountry "ITA"]
[SourceTitle "playchess.com"]
[Source "ChessBase"]
[SourceQuality "1"]
[TimeControl "30/3600+30:1800+30"]

1. c4 e6 2. Nc3 d5 3. d4 Nf6 4. Bg5 Be7 5. e3 O-O 6. Nf3 h6 7. Bh4 Nbd7 8. cxd5 exd5 9. Bd3 c6 10. Qc2 Re8 11. O-O Ne4 12. Bxe7 Qxe7 13. b4 Ndf6 14. a3 {[%emt 0:02:20] D36: Queen's Gambit Declined: Exchange Variation: Main line (5 Bg5 c6 6 Qc2).} Bf5 {[%emt 0:01:42] [#]} 15. Ne5 $146 ({Predecessor:} 15. Na4 h5 16. h3 Bh7 17. Ne5 Nd6 18. Bxh7+ Nxh7 19. Nc5 a6 20. a4 Nf8 21. a5 {½-½ (65) Carvaga,R (2304)-Vlasak,R (2233) ICCF email 2017}) 15... Bh7 16. Rfc1 a5 17. b5 c5 $1 {[%emt 0:05:59] [#]} 18. Nxd5 $1 Nxd5 19. Bxe4 Bxe4 20. Qxe4 cxd4 21. exd4 Rad8 {[%emt 0:00:06] White must now prevent ...f6.} 22. Qf3 Nf6 23. Qc3 Nd5 24. Qf3 Nf6 25. Qc3 Nd5 26. Qd2 Qf6 27. Re1 Nf4 28. Rad1 Qf5 29. Qe3 (29. Qxa5 $2 f6 30. Nf3 {[#]} Nxg2 $1 31. Kxg2 (31. Rxe8+ $2 Rxe8 32. Qc3 Qg4 $19) 31... Qg4+ 32. Kh1 Qxf3+ 33. Kg1 Rxe1+ 34. Qxe1 Rd5 $17) 29... f6 {[%emt 0:06:20] [#]} 30. g4 $1 Qg5 {[%emt 0:00:00][%mdl 64] [#] Pin} 31. h4 $1 Qxh4 {[%emt 0:02:48] The position is equal.} 32. Qxf4 fxe5 33. dxe5 Rxd1 34. Rxd1 Rxe5 35. Qxe5 {[%emt 0:02:12] Threatening mate with Qe6+.} Qxg4+ 36. Kh2 Qh4+ 37. Kg2 {[%emt 0:00:20] White wants to mate with Rd4.} Qg4+ 38. Qg3 Qxd1 39. Qb8+ Kh7 {[%emt 0:00:12] And now ...Qg4+ would win.} 40. Qxb7 Qg4+ 41. Kh2 {[%emt 0:00:12] aiming for Qd5.} Qh4+ 42. Kg1 {[%emt 0:00:09] Qd5 is the strong threat.} Qg4+ {[%emt 0:00:22] An even fight not without its subleties.  Weighted Error Value: White=0.05 (flawless) /Black=0.03 (flawless)} 1/2-1/2

[Event "2nd Bassano Easter 2022"]
[Site "Bassano del Grappa"]
[Date "2022.04.17"]
[Round "7.3"]
[White "Nesterov, Arseniy"]
[Black "Fier, Alexandr"]
[Result "1/2-1/2"]
[WhiteElo "2522"]
[BlackElo "2583"]
[Annotator "TA"]
[PlyCount "55"]
[EventDate "2022.04.14"]
[EventType "swiss"]
[EventCountry "ITA"]
[SourceTitle "playchess.com"]
[Source "ChessBase"]
[SourceQuality "1"]
[TimeControl "30/3600+30:1800+30"]

1. d4 d5 2. c4 e6 3. Nf3 Nf6 4. Nc3 Be7 5. Bg5 O-O 6. e3 h6 7. Bh4 b6 8. cxd5 Nxd5 9. Bxe7 Qxe7 10. Nxd5 exd5 11. Rc1 Be6 12. Qb3 c5 13. Qa3 Rc8 14. Bb5 $1 {[%mdl 4] now scores much better than the old 14.Be2. D59: Queen's Gambit Declined: Tartakower Defence: Main line (8 cxd5 Nxd5).} Kf8 15. dxc5 $1 {The position is equal.} Rxc5 16. Rxc5 Qxc5 17. Kd2 Qxa3 18. bxa3 Nd7 19. Bxd7 Bxd7 20. Rc1 Ke7 21. Kd3 Kd6 {[#] An even fight not without its subleties.  Weighted Error Value: White=0.09 (flawless) /Black=0.05 (flawless)} {Predecessor:} 22. Kd4 $146 Re8 23. Nd2 g5 24. f3 f6 25. Nb1 g4 26. Nc3 gxf3 27. gxf3 Re5 28. h4 {1-0 (40) Nakamura,H (2750)-So,W (2778) Chess.com INT 2022} 1/2-1/2

[Event "2nd Bassano Easter 2022"]
[Site "Bassano del Grappa"]
[Date "2022.04.17"]
[Round "7.4"]
[White "Petrov, Martin"]
[Black "Nandhidhaa, P V"]
[Result "*"]
[WhiteElo "2542"]
[BlackElo "2380"]
[Annotator "TA"]
[PlyCount "31"]
[EventDate "2022.04.14"]
[EventType "swiss"]
[EventCountry "ITA"]
[SourceTitle "playchess.com"]
[Source "ChessBase"]
[SourceQuality "1"]
[TimeControl "30/3600+30:1800+30"]

1. Nf3 Nf6 2. c4 c5 {[%emt 0:00:57] A rather calm draw.} {Predecessor:} 3. Nc3 b6 4. d4 cxd4 5. Nxd4 Bb7 6. f3 {A31: Symmetrical English: 2 Nf3 Nf6 3 d4.} Nc6 7. e4 e6 8. Be3 Bc5 9. Qd2 O-O 10. Be2 Qe7 11. O-O d5 12. cxd5 Nxd4 13. Bxd4 exd5 14. exd5 Nxd5 15. Nxd5 Bxd5 16. Rfe1 {½-½ (32) Caruana,F (2781)-Kamsky,G (2658) Chess.com INT 2022} *

[Event "2nd Bassano Easter 2022"]
[Site "Bassano del Grappa"]
[Date "2022.04.17"]
[Round "7.5"]
[White "Bosiocic, Marin"]
[Black "Colbow, Collin"]
[Result "0-1"]
[ECO "D03"]
[WhiteElo "2522"]
[BlackElo "2370"]
[Annotator "TA"]
[PlyCount "78"]
[EventDate "2022.04.14"]
[EventType "swiss"]
[EventCountry "ITA"]
[SourceTitle "playchess.com"]
[Source "ChessBase"]
[SourceQuality "1"]
[TimeControl "30/3600+30:1800+30"]

1. d4 Nf6 2. Nf3 g6 3. Bg5 Bg7 4. Nbd2 d5 5. e3 O-O 6. Be2 c5 7. c3 Nbd7 8. O-O b6 9. h3 Bb7 10. b4 Ne4 {[%emt 0:07:02] D03: 1 d4 d5 2 Nf3 Nf6 3 Bg5, including Torre Attack with early ...d5.} 11. Nxe4 dxe4 12. Nd2 cxd4 {[%emt 0:00:38] The position is equal.} 13. cxd4 Nf6 {[%emt 0:00:32] [#]} 14. Rc1 $146 ({Predecessor:} 14. Qa4 a6 15. Rfc1 Qd5 16. Bf4 b5 17. Qd1 Rfc8 18. a4 Nd7 19. Rxc8+ Rxc8 20. axb5 {1-0 (35) Vassallo Barroche,M (2398)-Marcal,A (1770) Figueira da Foz 2015}) 14... Qd7 15. Bc4 Rac8 16. a4 Nd5 17. Qb3 f5 18. Nb1 (18. Bf4 $5) 18... e6 19. Nc3 h6 20. Bxd5 Bxd5 21. Nxd5 Qxd5 22. Qxd5 exd5 23. Be7 Rfe8 {[%emt 0:00:13] [#] Hoping for ...Rxc1.} 24. Rxc8 Rxc8 $11 {[%emt 0:00:04][%mdl 4096] Endgame KRB-KRB} 25. b5 Kf7 26. Bd6 Ke6 27. Bg3 ({White should try} 27. Bh2 $1 $15) 27... g5 $17 28. a5 $2 {[%emt 0:03:56][%mdl 8192] White does not recover from this.} (28. Bh2 $17) 28... bxa5 $19 29. Ra1 f4 30. exf4 Bxd4 31. Rxa5 Rc1+ 32. Kh2 Bb6 {[%emt 0:29:48] Black is clearly winning.} 33. Ra2 d4 34. fxg5 hxg5 35. h4 gxh4 36. Bf4 Rb1 {[%emt 0:00:25] [#] ...Kf5 is the strong threat.} 37. g3 Kf5 {[%emt 0:01:37] aiming for ...hxg3+.} 38. Bh6 Kg4 {[%emt 0:03:56] ( -> ...Kf3)} 39. gxh4 Kf3 {[%emt 0:00:09] Weighted Error Value: White=0.99/Black=0.03 (flawless)} 0-1

[Event "2nd Bassano Easter 2022"]
[Site "Bassano del Grappa"]
[Date "2022.04.17"]
[Round "7.6"]
[White "Spyratos, Nikolaos"]
[Black "Gallego Alcazar, Andres Felipe"]
[Result "1-0"]
[ECO "E11"]
[WhiteElo "2100"]
[BlackElo "2523"]
[Annotator "TA"]
[PlyCount "81"]
[EventDate "2022.04.14"]
[EventType "swiss"]
[EventCountry "ITA"]
[SourceTitle "playchess.com"]
[Source "ChessBase"]
[SourceQuality "1"]
[TimeControl "30/3600+30:1800+30"]

1. d4 Nf6 2. c4 e6 3. Nf3 Bb4+ 4. Nbd2 Be7 5. e4 d5 6. e5 {[%emt 0:02:35] E11: Bogo-Indian.} Nfd7 7. cxd5 exd5 {[%emt 0:00:21] [#]} 8. h4 $146 (8. Bd3 $11) ({Predecessor:} 8. Bd3 c5 9. O-O Nc6 10. Re1 O-O 11. Bc2 cxd4 12. Nb3 Nb4 13. Bb1 d3 14. a3 {1-0 (53) Murshed,N (2404)-Delgado Ramirez,N (2622) Krasnaya Polyana 2021}) 8... c5 $1 $15 9. Ng5 {[%emt 0:00:13] [#] Threatens to win with e6.} Bxg5 (9... h6 {seems wilder.} 10. Nxf7 Kxf7 11. Qf3+ Nf6) 10. hxg5 cxd4 (10... Nc6 $11) 11. f4 $36 {[%emt 0:02:07][%mdl 2048] White is pushing.} Nc6 12. Nb3 {[%emt 0:00:19] Against Nc5} Nf8 (12... Qe7 $11) 13. Bb5 Bd7 14. Bxc6 ({Reject} 14. Nxd4 $6 Nxd4 15. Bxd7+ Qxd7 $11) 14... bxc6 15. Qxd4 Ne6 ({Black should play} 15... Bf5 $14) 16. Qf2 $16 Qe7 17. O-O (17. Be3 $142) 17... g6 18. Be3 {[%emt 0:00:06] Prevents c5.} a5 19. Nc5 {[%emt 0:05:20] &Bianco is more active.} Nxc5 (19... O-O $142) 20. Bxc5 Qe6 (20... Qd8 $16) 21. Qg3 Qg4 $2 (21... h5 22. gxh6 Qg4) 22. Qc3 $18 {[%emt 0:00:20][%cal Oe5e6] aiming for e6!} Qe6 23. Rf3 h5 (23... Bc8 {might work better.} 24. Rh3 Bb7) 24. Raf1 {[%emt 0:01:27][%cal Of4f5] White is clearly winning.} Rh7 25. f5 gxf5 26. Rxf5 {[%emt 0:00:07] Rf6 is the strong threat.} d4 27. Qxd4 Qd5 28. Qxd5 cxd5 29. Rf6 {[%emt 0:00:07] Black must now prevent g6.} O-O-O 30. Rc1 {[%emt 0:00:00] White wants to mate with Bd4+.} Kb7 31. Rb6+ Ka8 32. Ra6+ Kb8 33. Rxa5 Rc8 34. Rc3 Kc7 35. Ra7+ Kd8 {[%emt 0:00:22] [#]} 36. Be7+ $1 Ke8 (36... Kxe7 37. Rxc8) 37. Rxc8+ Bxc8 38. Bf6 {[%emt 0:00:08][%cal Og5g6] White threatens g6! and mate.} Bf5 39. Re7+ Kf8 40. g6 Rg7 41. Ra7 {[%emt 0:00:33] Weighted Error Value: White=0.12 (very precise) /Black=0.41} 1-0

[Event "2nd Bassano Easter 2022"]
[Site "Bassano del Grappa"]
[Date "2022.04.17"]
[Round "7.7"]
[White "Abel, Dennes"]
[Black "Kolb, Tobias"]
[Result "0-1"]
[ECO "A13"]
[WhiteElo "2442"]
[BlackElo "2316"]
[Annotator "TA"]
[PlyCount "48"]
[EventDate "2022.04.14"]
[EventType "swiss"]
[EventCountry "ITA"]
[SourceTitle "playchess.com"]
[Source "ChessBase"]
[SourceQuality "1"]
[TimeControl "30/3600+30:1800+30"]

1. Nf3 d5 2. e3 Nf6 3. c4 e6 4. Nc3 Be7 5. b3 O-O 6. Bb2 c5 7. cxd5 Nxd5 8. Qc2 {[%emt 0:01:45] A13: English Opening: 1...e6.} Nc6 9. h4 f5 {[%emt 0:11:06] [#]} 10. Ng5 $146 (10. Rc1 $11 {remains equal.}) ({Predecessor:} 10. g4 Nxc3 11. dxc3 e5 12. Bc4+ Kh8 13. Ng5 e4 14. Rd1 Qe8 15. Ne6 Bxe6 16. Bxe6 {0-1 (35) Duda,J (2743)-So,W (2770) chess24.com INT 2021}) 10... Bf6 (10... Ndb4 $17 11. Qb1 Ne5) 11. a3 Nce7 12. Be2 h6 13. Nf3 b6 14. O-O Bb7 15. Rfd1 Rc8 16. Rac1 Ng6 17. Nxd5 Bxd5 ({Don't play} 17... Qxd5 18. Bxf6 Rxf6 19. d4 $14) 18. g3 Bxh4 {[%emt 0:06:15] &Nero is more active.} 19. b4 (19. Nxh4 $17 Nxh4 20. f4) 19... Bf6 {[%emt 0:00:49] ...Bxb2 is the strong threat.} 20. Bxf6 Qxf6 ({Weaker is} 20... gxf6 21. bxc5 Rxc5 22. Qa4 $15) 21. Qa4 $2 {[%emt 0:00:54][%mdl 8192] Now White is beyond hope.} (21. bxc5 $17 Rxc5 22. Qd3) 21... f4 $19 {[%emt 0:00:37] Black is clearly winning.} 22. exf4 {[%emt 0:00:54] [#]} Nxf4 $1 23. gxf4 Qxf4 {[%emt 0:00:03] ( -> ...Qg4+)} 24. Rc3 Qg4+ {[%emt 0:00:03] Weighted Error Value: White=0.87/Black=0.19 (very precise)} 0-1

[Event "2nd Bassano Easter 2022"]
[Site "Bassano del Grappa"]
[Date "2022.04.17"]
[Round "7.8"]
[White "Petkidis, Anthony"]
[Black "Peycheva, Gergana"]
[Result "1-0"]
[ECO "A14"]
[WhiteElo "2420"]
[BlackElo "2342"]
[Annotator "TA"]
[PlyCount "67"]
[EventDate "2022.04.14"]
[EventType "swiss"]
[EventCountry "ITA"]
[SourceTitle "playchess.com"]
[Source "ChessBase"]
[SourceQuality "1"]
[TimeControl "30/3600+30:1800+30"]

1. c4 e6 2. Nf3 d5 3. g3 Nf6 4. Bg2 Be7 5. O-O O-O 6. b3 b6 7. Bb2 Bb7 8. e3 c5 9. Nc3 Nbd7 10. Qe2 Rc8 11. Rac1 Qc7 12. cxd5 exd5 13. d4 Qb8 14. Ne5 {[%emt 0:07:40][%cal Oc3d5] [#] A14: English Opening: 1...e6 with b3 by White.} Rcd8 $146 ({Predecessor:} 14... Rfd8 15. Nxd7 Nxd7 16. Nxd5 Bf8 17. Rfd1 Qa8 18. e4 cxd4 19. Rxc8 Qxc8 20. Bxd4 Nc5 21. Qh5 Ne6 {1-0 (40) Strebkovs,A (2275)-Schatz,C (2193) Pardubice 2019}) 15. Nxd7 {[%emt 0:03:42] &Bianco is much more active.} Rxd7 16. dxc5 $1 {[%emt 0:02:37] White is better.} bxc5 17. Na4 d4 18. Nxc5 Bxc5 19. Rxc5 d3 20. Qd1 Bxg2 21. Kxg2 {[%emt 0:03:57] Strongly threatening Bxf6.} Qb7+ 22. f3 Ng4 {[%emt 0:06:06] [#]} (22... Nd5 $16 23. Bd4 Re8) 23. Qd2 $1 $18 Re8 24. e4 {[%emt 0:02:11] And now Qg5 would win.} Nf6 (24... f6 {is a better defense.} 25. Rd1 (25. fxg4 $2 Rxe4 26. Kh3 Re2 $19) 25... Qb6) 25. Re1 Qb6 26. b4 h6 27. a3 Qe6 28. Re5 (28. Qc3 $18 {and White stays clearly on top.}) 28... Qb3 29. Rc5 (29. Rb5 $16) 29... Nd5 30. Kf2 {[%emt 0:00:00] White is clearly better.} Nb6 {[%emt 0:00:00] [#] White must now prevent ...Na4.} 31. Rc3 $1 $36 {[%emt 0:10:54][%mdl 2048] White is on the roll.} Qa2 {[%emt 0:10:43] ...Na4 is the strong threat.} (31... Nc4 $2 32. Rxb3 Nxd2 33. Rc3 $18) 32. Ra1 Qe6 {[%emt 0:06:36] aiming for ...Na4.} (32... Nc4 $2 33. Rxa2 Nxd2 34. Ra1 $18) 33. Rxd3 Nc4 34. Qc3 {[%emt 0:00:11] Weighted Error Value: White=0.16 (very precise) /Black=0.31} ({Much less strong is} 34. Rxd7 $6 Nxd2 35. Rxd2 Qb6+ 36. Bd4 Qa6 $14) 1-0

[Event "2nd Bassano Easter 2022"]
[Site "Bassano del Grappa"]
[Date "2022.04.17"]
[Round "7.9"]
[White "Olde, Margareth"]
[Black "Hess, Max"]
[Result "1-0"]
[ECO "E10"]
[WhiteElo "2258"]
[BlackElo "2395"]
[Annotator "TA"]
[PlyCount "77"]
[EventDate "2022.04.14"]
[EventType "swiss"]
[EventCountry "ITA"]
[SourceTitle "playchess.com"]
[Source "ChessBase"]
[SourceQuality "1"]
[TimeControl "30/3600+30:1800+30"]

1. d4 Nf6 2. c4 e6 3. Nf3 a6 4. g3 b5 5. Bg2 Bb7 6. b3 {[%emt 0:00:37] E10: Blumenfeld Gambit.} c5 7. O-O bxc4 8. bxc4 {[%emt 0:00:20][%cal Od4d5] The position is equal.} cxd4 9. Qxd4 Nc6 10. Qf4 {[%emt 0:03:07] [#]} Rc8 $146 ({Predecessor:} 10... Be7 11. Rd1 O-O 12. Nc3 Rc8 13. Ne5 Qa5 14. Nxc6 Bxc6 15. Bd2 Bb4 16. Rac1 Bxg2 17. Kxg2 {1-0 (26) Markov,M (2365)-Spyropoulos,N (2425) Chess.com INT 2020}) 11. Nbd2 Be7 12. e4 d6 13. Rb1 Ba8 14. Rd1 Qc7 15. Ba3 O-O 16. Rbc1 Ne5 17. Nxe5 dxe5 18. Qe3 Bxa3 19. Qxa3 Rfd8 20. c5 h5 21. f3 Bc6 22. Qxa6 Ra8 23. Qb6 Qd7 {[%emt 0:02:04] [#] Black is now going downhill.} (23... Qxb6 $11 {and Black has nothing to worry.} 24. cxb6 Ba4) 24. Nc4 $1 $18 ({Resist} 24. Nf1 $6 Qe8 $16) 24... Qxd1+ 25. Rxd1 Rxd1+ 26. Bf1 Be8 (26... Bd7 $142 27. c6 Bc8) 27. c6 {[%emt 0:00:32] aiming for c7.} Bxc6 (27... Rc1 {keeps fighting.} 28. Qb2 Rxf1+ 29. Kxf1 Bxc6 30. Nxe5 Be8) 28. Qxc6 Rxa2 29. Qc8+ Kh7 30. Nxe5 Raa1 {[%emt 0:00:00] [#]} 31. Nxf7 $1 {[%emt 0:04:11] White wants to mate with Qh8+.} Rxf1+ (31... Nxe4 32. Qh8+) 32. Kg2 {[%emt 0:00:03] Intending Qh8+ and mate.} Rg1+ 33. Kh3 {[%emt 0:00:34] Qh8+ would kill now.} Ra5 34. e5 Ng8 35. Qxe6 {[%emt 0:01:15] White mates.} g6 36. Ng5+ Kg7 37. Qf7+ Kh6 38. Qf8+ Kxg5 39. f4# {[%emt 0:00:05] Weighted Error Value: White=0.04 (flawless) /Black=0.55} 1-0

[Event "2nd Bassano Easter 2022"]
[Site "Bassano del Grappa"]
[Date "2022.04.17"]
[Round "7.10"]
[White "Huber, Benedikt"]
[Black "Baum, Jonasz"]
[Result "0-1"]
[ECO "E04"]
[WhiteElo "2191"]
[BlackElo "2287"]
[Annotator "TA"]
[PlyCount "64"]
[EventDate "2022.04.14"]
[EventType "swiss"]
[EventCountry "ITA"]
[SourceTitle "playchess.com"]
[Source "ChessBase"]
[SourceQuality "1"]
[TimeControl "30/3600+30:1800+30"]

1. d4 d5 2. c4 e6 3. Nf3 Nf6 4. g3 Bb4+ 5. Nbd2 dxc4 6. Bg2 b5 {[%emt 0:00:36] Inhibits Qa4. E04: Open Catalan: 5 Nf3.} 7. O-O O-O 8. b3 c3 {[%emt 0:08:26] Black has an edge.} 9. Nb1 Bb7 10. a3 Be4 11. Ne1 {[%emt 0:07:59] Prevents c2.} (11. axb4 $2 c2 12. Qe1 cxb1=B $17) (11. Qe1 $11 c2 12. Nc3 Bxc3 13. Qxc3) 11... Bxg2 $15 {[%emt 0:00:12] [#] 0x0.00249b13221bdp-1022s more active pieces.} 12. Kxg2 $146 {[%emt 0:00:45] [#]} ({Predecessor:} 12. Nxg2 Ba5 13. Qd3 Nc6 14. e3 e5 15. Qxb5 Qd7 16. dxe5 Rab8 17. Qe2 Nxe5 18. b4 {½-½ (44) Gijswijt,B (2341)-Arnaudov,P (2439) Haarlem 2011}) 12... c5 13. axb4 $11 cxb4 14. Nc2 a5 15. Qd3 ({Wrong is} 15. Nxb4 $2 {[#]} axb4 $1 16. Rxa8 Qd5+ 17. f3 Qxa8 $19) 15... Nc6 16. Qxb5 (16. e4 $11) 16... Nxd4 $17 17. Nxd4 Qxd4 18. Bf4 Nd5 19. e3 {[%emt 0:03:44] Loses the game.} (19. Qc4 $17 Qxc4 20. bxc4 Nxf4+ 21. gxf4) 19... Nxf4+ 20. gxf4 Qe4+ 21. Kg1 Qc2 {[%emt 0:05:35][%mdl 1024] Inhibits Rc1. Black has strong compensation.} 22. Qa4 (22. Nxc3 {was worth a try.} bxc3 23. Rfc1 Qg6+ 24. Kf1) 22... Qg6+ 23. Kh1 Qd3 24. Rc1 (24. Nxc3 {is a better defense.} bxc3 25. Qc4 Qxc4 26. bxc4) 24... c2 $19 25. Na3 $2 (25. Nc3 bxc3 26. Qc4) 25... Qe4+ ({Not} 25... bxa3 $2 26. Qc4 Qd7 27. Qxc2 $19) 26. Kg1 Qg6+ 27. Kh1 bxa3 28. Ra2 Rac8 {[%emt 0:00:49] aiming for ...Rfd8.} 29. Qxa5 Qd3 {[%emt 0:01:40] Threatens to win with ...Qd1+.} 30. Qxa3 Qd1+ {[%emt 0:00:00] Black mates.} 31. Kg2 Qg4+ 32. Kf1 Rfd8 {[%emt 0:01:27] Weighted Error Value: White=0.95/Black=0.23 (precise)} 0-1